Map: Lost and Found LE

Players

Warren

  • Race: Zerg Zerg
  • League: Gold
  • Spawn Location: 7:00

MaNa - Winner!

  • Race: Protoss Protoss
  • Spawn Location: 1:00

Event: WCS Austin 2018

VOD

Have the link to the VOD?

Description

Time

  • Played on: June 1, 2018, 4:42 p.m.
  • Length: 13:17

All games in this series

Show
View Real Time Build Order
Export as new Build Order

Warren Zerg 

Build Orders: Hatch First, Lurkers 

Get SALT Encoding   

  12  0:00  Drone  
  13  0:12  Overlord  
  13  0:16  Drone  
  14  0:30  Drone x2  
  16  0:47  Hatchery  
  15  0:50  Drone  
  15  0:54  Drone  
  17  0:57  Drone  
  18  1:04  Extractor  
  17  1:13  Spawning Pool  
  17  1:16  Drone  
  17  1:21  Drone  
  18  1:29  Drone  
  19  1:39  Drone  
  20  1:49  Overlord  
  20  2:00  Queen x2  
  24  2:01  Zergling x2  
  24  2:02  Drone  
  26  2:09  Metabolic Boost  
  26  2:11  Drone  
  27  2:16  Drone  
  28  2:24  Drone x2  
  30  2:32  Drone  
  31  2:37  Hatchery  
  31  2:43  Zergling x2  
  31  2:45  Queen  
  31  2:49  Zergling x2  
  33  2:52  Overlord  
  33  2:56  Drone x2  
  35  3:10  Overlord  
  35  3:12  Drone x4  
  39  3:13  Drone x2  
  39  3:19  Drone x2  
  43  3:28  Spore Crawler  
  43  3:30  Spore Crawler  
  43  3:31  Queen  
  43  3:39  Drone x3  
  46  3:42  Drone x4  
  46  3:45  Overlord  
  46  3:48  Drone  
  51  3:54  Queen  
  53  3:56  Zergling x4  
  53  3:58  Drone  
  53  4:02  Drone x2  
  58  4:03  Drone  
  58  4:07  Drone x2  
  61  4:10  Lair  
  61  4:14  Spore Crawler, Overlord  
  60  4:19  Extractor x2  
  58  4:26  Drone x5  
  58  4:31  Drone x2  
  65  4:35  Baneling Nest  
  64  4:39  Zergling x6  
  64  4:45  Zergling x8  
  71  4:46  Zergling x6  
  74  4:56  Overlord  
  73  5:01  Overlord  
  73  5:02  Overlord x2  
  73  5:10  Overlord x3  
  73  5:13  Drone  
  74  5:15  Drone x2, Hydralisk Den  
  74  5:16  Drone x2  
  74  5:18  Extractor  
  74  5:19  Drone x3  
  74  5:20  Drone x2  
  81  5:24  Drone x2, Extractor  
  81  5:28  Drone  
  83  5:38  Drone x6  
  89  5:45  Grooved Spines  
  89  5:47  Overlord x2  
  88  5:50  Hydralisk x3  
  88  5:51  Hydralisk  
  88  5:53  Overseer  
  96  6:02  Baneling x3  
  96  6:03  Hatchery, Baneling  
  95  6:06  Hydralisk x2  
  98  6:14  Hydralisk  
  98  6:15  Hydralisk x3  
  104  6:35  Zergling x6  
  104  6:36  Zergling x8  
  108  6:40  Baneling x6  
  108  6:53  Drone  
  108  6:54  Drone x2  
  111  6:56  Muscular Augments, Lurker Den, Extractor  
  111  6:57  Zergling x14  
  111  6:58  Zergling x10  
  120  7:02  Overlord x2  
  120  7:08  Hatchery  
  116  7:17  Hydralisk x5  
  126  7:34  Hydralisk x7  
  139  7:38  Hatchery  
  139  7:41  Centrifical Hooks  
  125  7:51  Zergling x22  
  127  7:53  Overseer  
  127  7:57  Evolution Chamber  
  129  8:00  Evolution Chamber  
  128  8:07  Zergling x2  
  128  8:08  Zergling x10  
  134  8:25  Drone x3  
  134  8:26  Drone x10  
  147  8:30  Zerg Missile Weapons Level 1  
  147  8:31  Infestation Pit  
  143  8:40  Pneumatized Carapace  
  142  8:46  Baneling x15  
  124  9:06  Hydralisk x11  
  137  9:17  Hive  
  137  9:18  Zerg Melee Weapons Level 1  
  133  9:27  Hydralisk x4  
  133  9:29  Overlord x3  
  133  9:30  Overlord x2  
  141  9:33  Spore Crawler  
  141  9:36  Spore Crawler, Extractor  
  141  9:37  Extractor  
  137  9:40  Zergling x8  
  141  9:56  Zergling x28  
  141  9:57  Zergling x8  
  159  10:06  Spire  
  156  10:28  Extractor x2  
  155  10:30  Adrenal Glands  
  155  10:31  Zerg Missile Weapons Level 2  
  155  10:32  Lurker x3  
  155  10:33  Lurker x2  
  159  10:36  Zergling x18  
  159  10:37  Zergling x6  
  163  10:53  Adaptive Talons  
  163  10:55  Hydralisk  
  163  10:56  Hydralisk x4  
  171  11:17  Spore Crawler  
  170  11:25  Greater Spire  
  160  11:26  Lurker x6  
  156  11:38  Zergling x22  
  114  11:48  Zergling x2  
  114  11:49  Zergling x24  
  98  12:01  Baneling  
  98  12:02  Baneling x4  
  98  12:03  Baneling  
  98  12:04  Baneling x5, Corruptor x4  
  98  12:07  Pathogen Glands  
  94  12:27  Corruptor x2  
  98  12:30  Extractor  
  98  12:31  Extractor  
  96  12:40  Brood Lord x2  
  100  12:47  Corruptor x4  
Show
View Real Time Build Order
Export as new Build Order

MaNa Protoss - Winner!

Build Orders: 1 Gate Expand, Oracle Opening, Phoenix Opening, Archon Immortal, Zealot Archon, Archon Drop 

Get SALT Encoding   

  12  0:00  Probe  
  13  0:12  Probe  
  14  0:18  Pylon  
  14  0:24  Probe  
  15  0:32  Probe  
  15  0:38  Assimilator  
  15  0:40  Probe  
  16  0:48  Gateway  
  17  0:50  Probe  
  18  0:58  Probe  
  19  1:06  Probe  
  20  1:26  Nexus  
  20  1:36  Cybernetics Core  
  20  1:39  Probe  
  21  1:45  Assimilator  
  21  1:51  Probe  
  22  1:55  Pylon  
  22  2:03  Probe  
  22  2:04  Adept  
  25  2:15  Probe  
  25  2:18  Stargate  
  26  2:24  Adept  
  26  2:25  Warp Gate  
  26  2:27  Probe  
  29  2:38  Probe  
  29  2:40  Probe  
  31  2:47  Adept  
  31  2:50  Probe  
  34  2:52  Probe  
  34  2:54  Oracle  
  35  3:02  Probe  
  35  3:04  Probe  
  40  3:08  Pylon  
  40  3:14  Probe  
  40  3:16  Probe  
  42  3:26  Probe  
  43  3:28  Probe  
  43  3:29  Phoenix  
  43  3:32  Gateway  
  46  3:36  Pylon  
  46  3:38  Probe  
  46  3:40  Probe  
  48  3:44  Assimilator  
  48  3:46  Assimilator  
  48  3:50  Probe  
  48  3:52  Probe  
  48  3:53  Robotics Facility  
  50  4:03  Probe  
  50  4:04  Probe  
  50  4:08  Pylon  
  52  4:15  Probe  
  52  4:16  Twilight Council, Probe  
  54  4:27  Probe  
  54  4:28  Probe  
  54  4:30  Warp Prism  
  54  4:31  Gateway x2  
  56  4:32  Zealot x2  
  62  4:54  Nexus  
  62  4:55  Charge  
  61  5:00  Templar Archives  
  61  5:15  Gateway x2  
  61  5:19  Pylon  
  62  5:21  Probe x2  
  63  5:33  Probe x2  
  65  5:36  High Templar  
  65  5:37  High Templar x3  
  65  5:42  Archon  
  73  5:43  Pylon  
  73  5:45  Forge  
  73  5:48  Archon  
  73  5:49  Probe x2  
  75  5:57  Immortal  
  75  6:01  Probe x2  
  75  6:03  Pylon  
  81  6:04  Pylon  
  81  6:13  Protoss Ground Weapons Level 1, Probe  
  81  6:14  Probe  
  83  6:18  High Templar x2  
  83  6:19  Zealot x4  
  83  6:23  Archon  
  95  6:26  Probe x2  
  95  6:28  Probe  
  95  6:31  Observer  
  98  6:38  Probe x2  
  101  6:40  Probe  
  101  6:43  Assimilator  
  102  6:47  Assimilator  
  102  6:50  Probe  
  102  6:51  Probe  
  102  6:52  Probe  
  105  6:58  Zealot x6  
  105  7:01  Pylon x2  
  117  7:04  Probe  
  115  7:12  Psionic Storm  
  115  7:15  Probe  
  116  7:17  Probe  
  116  7:19  Probe  
  118  7:23  Immortal  
  118  7:27  High Templar x2, Probe  
  118  7:29  Probe  
  128  7:33  Zealot x2  
  128  7:34  Probe  
  133  7:39  Protoss Ground Weapons Level 2  
  133  7:40  Probe  
  133  7:41  Probe  
  127  7:46  Probe  
  110  7:52  Probe  
  110  7:53  High Templar x2  
  110  7:54  High Templar x2, Probe  
  110  7:56  Immortal  
  120  7:58  Observer  
  120  7:59  Gateway  
  120  8:00  Gateway  
  120  8:02  Gateway x2  
  120  8:03  Gateway  
  120  8:04  Photon Cannon  
  120  8:05  Shield Battery  
  124  8:13  Forge  
  124  8:21  Sentry  
  124  8:22  Sentry  
  128  8:30  Protoss Ground Armor Level 1  
  128  8:31  Archon  
  126  8:34  Zealot x3  
  126  8:38  Nexus  
  126  8:41  Observer  
  132  8:47  Photon Cannon  
  131  8:52  Zealot  
  133  9:02  Zealot x4  
  129  9:04  Immortal  
  129  9:06  Zealot x2  
  129  9:07  Zealot x2  
  133  9:15  Pylon  
  133  9:16  Pylon  
  133  9:28  Protoss Ground Weapons Level 3  
  133  9:33  Probe x2  
  133  9:34  High Templar  
  133  9:35  High Templar x3  
  133  9:36  Pylon  
  133  9:37  Immortal, Pylon  
  143  9:38  Robotics Facility  
  143  9:40  Pylon  
  147  9:45  Pylon  
  147  9:49  Pylon  
  147  9:51  Pylon  
  147  9:52  Photon Cannon  
  147  10:03  Probe x2  
  147  10:04  Assimilator, Probe  
  147  10:05  Probe  
  151  10:09  Assimilator  
  151  10:10  Zealot x4  
  151  10:11  Zealot  
  159  10:16  Zealot x3  
  159  10:17  Zealot x2  
  169  10:22  Photon Cannon  
  169  10:24  Protoss Ground Armor Level 2  
  169  10:26  Pylon  
  169  10:33  Stalker x3  
  175  10:37  Pylon  
  175  10:47  High Templar x4  
  175  10:48  High Templar x2, Photon Cannon  
  177  10:50  Photon Cannon  
  177  10:52  Shield Battery  
  177  10:53  Archon x3, Zealot x2  
  177  10:55  Observer  
  182  11:04  Pylon  
  182  11:05  Pylon  
  182  11:07  Gateway  
  182  11:08  Pylon  
  182  11:19  Observer  
  182  11:20  Archon, Zealot x3  
  182  11:21  Zealot x4  
  194  11:28  Zealot x3  
  180  11:41  Observer  
  180  11:44  Zealot x7  
  184  11:51  Immortal  
  186  12:07  High Templar x6  
  186  12:08  High Templar x3  
  198  12:14  Archon x2  
  198  12:15  Archon x2  
  188  12:19  Nexus  
  188  12:22  Pylon  
  184  12:24  Pylon  
  184  12:39  Assimilator  
  184  12:41  Zealot x8  
  184  12:43  Assimilator  
  186  12:58  Zealot  
Tags
 
Add a new tag
Caveats
  • Supply blocks, unpowered buildings, or Contaminate may cause inaccurate times.
  • Supply counts are checked every 10 seconds.